 Dungeon Crawl Stone Soup version 0.27-a0-67-g4bfc8a49e1 (webtiles) character file.

Game seed: 2062945303484018761

4435 Borgoz the Grappler (level 10, -1/90 HPs)
             Began as a Ghoul Gladiator on Jan 9, 2021.
             Slain by a wight
             ... wielding a cursed +4 mace of freezing
              (6 damage)
             ... on level 7 of the Dungeon.
             The game lasted 00:08:26 (6780 turns).

Borgoz the Grappler (Ghoul Gladiator)               Turns: 6780, Time: 00:08:26

Health: -1/90      AC: 12    Str: 19    XL:     10   Next: 36%
Magic:  9/9        EV: 14    Int:  4    God:
Gold:   353        SH:  5    Dex: 12    Spells: 9/9 levels left

rFire    . . .     SeeInvis .     - Unarmed
rCold    + . .     Faith    .   (no shield)
rNeg     + + +     Spirit   .   f - +0 ring mail
rPois    ∞         Reflect  +   b - +0 helmet
rElec    .         Harm     .   v - +0 cloak
rCorr    .         Rampage  .   (no gloves)
Will     .....                  n - +2 pair of boots
Stlth    +.........             d - amulet of reflection
HPRegen  0.00/turn              (no ring)
MPRegen  0.11/turn              (no ring)

@: marked
A: claws 1, cold resistance 1, negative energy resistance 3, inhibited
regeneration, torment resistance, unbreathing
a: no special abilities


You were on level 7 of the Dungeon.
You visited 2 branches of the dungeon, and saw 9 of its levels.

You collected 353 gold pieces.

Inventory:

Missiles
 c - 5 throwing nets (quivered)
Armour
 b - a +0 helmet (worn)
 f - a +0 ring mail (worn)
 n - a +2 pair of boots (worn)
 v - a +0 cloak (worn)
Jewellery
 d - an amulet of reflection (around neck)
Wands
 a - a wand of paralysis (4)
 r - a wand of acid (19)
Scrolls
 h - 11 scrolls of remove curse
 i - a scroll of magic mapping
 k - 9 scrolls of teleportation
 p - 2 scrolls of blinking {unknown}
 u - 2 scrolls of noise {unknown}
 w - a scroll of fear {unknown}
 x - 2 scrolls of enchant weapon {unknown}
 y - a scroll of brand weapon {unknown}
Potions
 e - 5 potions of degeneration {unknown}
 j - 3 potions of heal wounds
 l - 3 potions of resistance {unknown}
 o - a potion of invisibility
 q - 4 potions of curing {unknown}
 t - 2 potions of magic


   Skills:
 + Level 8.4 Fighting
 - Level 1.8 Throwing
 + Level 6.6 Armour
 + Level 7.3 Dodging
 + Level 8.9 Unarmed Combat


You had 9 spell levels left.
You didn't know any spells.
Your spell library was empty.

Dungeon Overview and Level Annotations

Branches:
Dungeon (8/15)             Temple (1/1) D:6
   Lair: D:8-11

Altars:
Ashenzari
Cheibriados
Dithmenos
Elyvilon
Fedhas
Gozag
Hepliaklqana
Makhleb
Nemelex Xobeh
Okawaru
Qazlal
Sif Muna
Trog
Uskayaw
Vehumet
Wu Jian
Xom
Yredelemnul
Zin
The Shining One

Annotations:
D:8 Maurice


Innate Abilities, Weirdness & Mutations

You thrive by killing the living.
You are immune to poison.
You have sharp fingernails.
Your flesh is cold resistant. (rC+)
You are immune to negative energy. (rN+++)
You do not regenerate when monsters are visible.
You are immune to unholy pain and torment.
You can survive without breathing.


Message History

* * * LOW HITPOINT WARNING * * *
You climb upwards.
Reactivating autopickup.
There is a stone staircase leading down here.
The wight hits you with a +3 dagger.
* * * LOW HITPOINT WARNING * * *
You scratch the wight.
The wight is moderately damaged.
The wight hits you with a +3 dagger.
* * * LOW HITPOINT WARNING * * *
You scratch the wight.
The wight is severely damaged.
You block the wight's attack.
You closely miss the wight.
The wight is severely damaged.
You block the wight's attack. The wight hits you but does no damage.
You barely miss the wight.
The wight is severely damaged.
The wight hits you with a cursed +4 mace of freezing.
You die...

######...# ####.#.#
#.......####....#.#
#.....).##.....(...
#.....>/!!.#.<.....
#.......####.......
#.......# #..[....
#...#########......
##z##..###..##.....
#@#.#..#..#.##....
#.z).#..#..#_#####
####..#..#..##
#...#...##
#########


You could see 2 wights.

Vanquished Creatures
  Harold (D:8)
  A two-headed ogre (D:7)
  Joseph (D:8)
  A yak (D:8)
  4 ice beasts
  An orc warrior (D:8)
  A phantom (D:4)
  A sky beast (D:6)
  2 black bears
  A necrophage (D:6)
  An ogre (D:7)
  2 centaurs (D:6)
  A big kobold (D:7)
  4 bullfrogs (D:7)
  4 scorpions
  5 wights (D:7)
  A howler monkey (D:8)
  A hound (D:7)
  A bullfrog zombie (D:6)
  A bullfrog skeleton (D:5)
  4 jellies
  4 orc priests
  3 orc wizards
  Ijyb (D:4)
  An iguana (D:4)
  A worker ant (D:3)
  2 hound skeletons
  9 adders
  A shadow imp (D:8)
  3 white imps
  An ufetubus (D:6)
  3 oozes
  2 worms (D:3)
  2 dart slugs
  4 leopard geckos
  16 orcs
  A ball python (D:4)
  2 bats (D:3)
  2 giant cockroaches
  4 goblins
  7 hobgoblins
  2 jackals (D:1)
  5 quokkas
  3 frilled lizards
  10 kobolds
  A leopard gecko skeleton (D:6)
  A quokka zombie (D:7)
  5 rats
135 creatures vanquished.

Vanquished Creatures (others)
  A wizard (D:4)
  A fungus (D:8)
  2 plants (D:8)
4 creatures vanquished.

Grand Total: 139 creatures vanquished

Notes
Turn   | Place    | Note
-------+----------+-------------------------------------------
     0 | D:1      | Borgoz the Ghoul Gladiator began the quest for the Orb.
     0 | D:1      | Reached XP level 1. HP: 17/17 MP: 0/0
   108 | D:1      | Reached XP level 2. HP: 25/25 MP: 1/1
   674 | D:2      | Reached XP level 3. HP: 28/30 MP: 2/2
   745 | D:2      | Reached skill level 1 in Armour
   794 | D:2      | Found an iron altar of Okawaru.
  1467 | D:3      | Found a stormy altar of Qazlal.
  1477 | D:3      | Reached XP level 4. HP: 35/37 MP: 3/3
  1604 | D:3      | Reached XP level 5. HP: 33/45 MP: 4/4
  2162 | D:4      | Found a burning altar of Makhleb.
  2216 | D:4      | Reached XP level 6. HP: 33/52 MP: 5/5
  2400 | D:4      | Found a white marble altar of Elyvilon.
  2421 | D:4      | Found a hazy altar of Hepliaklqana.
  2550 | D:4      | Noticed Ijyb
  2558 | D:4      | Killed Ijyb
  2767 | D:4      | Found a bloodstained altar of Trog.
  2925 | D:4      | Found a shadowy altar of Dithmenos.
  2925 | D:4      | Noticed a phantom
  2934 | D:4      | Killed a phantom
  2935 | D:4      | Reached skill level 5 in Unarmed Combat
  3106 | D:4      | Noticed a wizard
  3108 | D:4      | Killed a wizard
  3157 | D:5      | Entered Level 5 of the Dungeon
  3184 | D:5      | Reached XP level 7. HP: 46/60 MP: 6/6
  4121 | D:6      | Found a glowing golden altar of the Shining One.
  4179 | D:6      | Reached skill level 5 in Fighting
  4196 | D:6      | Found a staircase to the Ecumenical Temple.
  4240 | Temple   | Entered the Ecumenical Temple
  4556 | D:6      | Reached XP level 8. HP: 67/68 MP: 7/7
  4813 | D:6      | Found a hide-covered altar of Uskayaw.
  4828 | D:6      | Reached skill level 5 in Dodging
  4988 | D:6      | Found a snail-covered altar of Cheibriados.
  5295 | D:7      | Reached XP level 9. HP: 60/78 MP: 8/8
  5390 | D:7      | Reached skill level 5 in Armour
  5950 | D:7      | Found a radiant altar of Vehumet.
  6073 | D:8      | Noticed Joseph
  6093 | D:8      | Killed Joseph
  6119 | D:8      | Noticed a two-headed ogre
  6125 | D:8      | Noticed Harold
  6456 | D:7      | Killed a two-headed ogre
  6457 | D:7      | Reached XP level 10. HP: 26/88 MP: 9/9
  6740 | D:8      | Killed Harold
  6759 | D:8      | Noticed Maurice
  6780 | D:7      | Slain by a wight

Illustrated notes

Levels and vault maps discovered:
D:1:      wander_arrival_lonely_grave, layout_loops_ring,
          kennysheep_small_spiral
D:2:      layout_loops_cross, lemuel_round_altar, serial_aquarium,
          aquarium_bridge_square [aquarium_subvault_bridge,
          aquarium_subvault_bridge, aquarium_subvault_window,
          aquarium_subvault_wall], aquarium_bridge_straight
          [aquarium_subvault_bridge, aquarium_subvault_wall,
          aquarium_subvault_bridge, aquarium_subvault_window],
          aquarium_window_fake, aquarium_window_1, aquarium_window_fake,
          aquarium_window_2, aquarium_view_2a, aquarium_view_2b,
          aquarium_pool_four, kennysheep_generic_room_10
D:3:      layout_rooms, nicolae_qazlal_general_emergency
D:4:      layout_basic, elyvilon_altar_1, bloody_makhleb,
          nzn_hepliaklqana_mist_gate, grunt_dithmenos_shadows, trog_wizard,
          uniq_ijyb
D:5:      layout_loops_ring
D:6:      layout_gridville, lemuel_doored_altar, nicolae_overflow_crystal_walls,
          eat_drink_and_be_merry_uskayaw, minmay_temple_entry_glassed_door,
          grunt_tough_drop
D:7:      layout_rooms, marbit_many_paths
D:8:      layout_cave_pools, lemuel_crystal_altar,
          grunt_lair_entry_orc_guard_hut, basic_altar, uniq_harold, uniq_joseph,
          uniq_maurice
Temple:   compressed_dpeg_triangle_lava_temple

Skill      XL: |  1  2  3  4  5  6  7  8  9 |
---------------+----------------------------+-----
Dodging        | 3 4 5 7 |  7.3
Armour         | 1 2 3 4 6 |  6.6
Fighting       | 3 4 5 6 8 |  8.4
Unarmed Combat | 4 5 7 8 |  8.9
Throwing       | |  1.8

Action                   |  1- 3 |  4- 6 |  7- 9 | 10-12 || total
-------------------------+-------+-------+-------+-------++-------
Melee: Unarmed           |    91 |   198 |   365 |    34 ||   688
       Punch             |     1 |     4 |    15 |       ||    20
Throw: Throwing net      |       |       |     1 |       ||     1
  Use: Scroll            |     2 |     2 |     5 |       ||     9
Armor: Leather armour    |     6 |       |       |       ||     6
       Ring mail         |    15 |    86 |   138 |     9 ||   248
Dodge: Dodged            |    29 |   155 |   246 |    13 ||   443
Block: Other             |    17 |    46 |    79 |     9 ||   151
       Reflection        |     2 |     1 |     7 |       ||    10

Table legend: (Time is in decaauts)
 A = Elapsed time spent in this place.
 B = Non-inter-level travel time spent in this place.
 C = Inter-level travel time spent in this place.
 D = Time resting spent in this place.
 E = Time spent auto-exploring this place.
 F = Levels seen in this place.
 G = Mean time per level.
                   A        B        C        D        E       F      G
               +--------+--------+--------+--------+--------+-----+--------+
         Total |   6709 |   6576 |    133 |    965 |   4508 |   9 |  745.4 |
       Dungeon |   6419 |   6291 |    128 |    965 |   4224 |   8 |  802.4 |
        Temple |    289 |    284 |      5 |      0 |    284 |   1 |  289.0 |
               +--------+--------+--------+--------+--------+-----+--------+

Top non-repeatable levels by time:
     D:7: 1361 daAuts
     D:6: 1031 daAuts
     D:4: 1028 daAuts
     D:2: 795 daAuts
     D:5: 681 daAuts
     D:1: 665 daAuts
     D:3: 645 daAuts
  Temple: 289 daAuts
     D:8: 210 daAuts
